 Dungeon Crawl Stone Soup version 0.30-a0-772-g5528072125 (webtiles) character file.

Game seed: 1411166412246353405

40 lessens the Cutter (level 3, 0/19 HPs)
             Began as a Vine Stalker Cinder Acolyte on Feb 12, 2023.
             Was a High Priest of Ignis.
             Slain by a quokka (2 damage)
             ... on level 2 of the Dungeon.
             The game lasted 00:02:12 (1347 turns).

lessens the Cutter (Vine Stalker Cinder Acolyte)    Turns: 1347, Time: 00:02:13

Health: 0/19       AC:  2    Str: 18    XL:     3   Next: 50%
Magic:  0/5        EV: 11    Int: 14    God:    Ignis [*****.]
Gold:   86         SH:  0    Dex:  9    Spells: 4/4 levels left

rFire   + . .      SeeInvis .    a - -1 short sword (flame)
rCold   . . .      Faith    .    (no shield)
rNeg    . . .      Spirit   +    b - +0 robe
rPois   .          Reflect  .    (no helmet)
rElec   .          Harm     .    (no cloak)
rCorr   .          Rampage  .    (no gloves)
Will    .....                    (no boots)
Stlth   +                        (no amulet)
HPRegen 0.23/turn                (no ring)
MPRegen 0.09/turn                (no ring)

@: no status effects
A: fangs 2, magic shield, antimagic bite, no potion heal 2
a: Renounce Religion, Fiery Armour, Foxfire Swarm, Rising Flame


You were on level 2 of the Dungeon.
You worshipped Ignis.
Ignis was extremely pleased with you.
You visited 1 branch of the dungeon, and saw 2 of its levels.

You collected 86 gold pieces.

Inventory:

Hand Weapons
 a - a -1 short sword of flaming (weapon)
Missiles
 c - 17 stones (quivered)
Armour
 b - a +0 robe (worn)
Scrolls
 d - a scroll of identify {unknown}
 e - 2 scrolls of teleportation {unknown}
 h - a scroll of silence {unknown}
 j - a scroll of vulnerability {unknown}
Potions
 f - 2 potions of resistance {unknown}
 g - a potion of heal wounds {unknown}
 i - a potion of magic {unknown}


   Skills:
 - Level 2.6 Fighting
 + Level 4.0 Short Blades
 - Level 1.1 Spellcasting
 - Level 3.0 Fire Magic


You had 4 spell levels left.
You didn't know any spells.
Your spell library contained the following spells:

 Spells                   Type           Power      Damage    Failure   Level
 Scorch                   Fire           18%        2d6       12%         2


Dungeon Overview and Level Annotations

Branches:
Dungeon (2/15) Zot: 10680

Altars:


Innate Abilities, Weirdness & Mutations

You have extremely sharp teeth.
When hurt, damage is shared between your health and your magic reserves.
Your bite disrupts and absorbs the magic of your enemies.
Potions cannot restore your health.


Message History

A goblin is nearby!
A kobold comes into view. It is wielding a +0 dagger.
A dart slug comes into view.
The kobold shouts!
A quokka comes into view.
The goblin shouts!
You hear an angry hiss.
An endoplasm and a frilled lizard come into view.
The frilled lizard hisses angrily.
The goblin barely misses you.
You closely miss the quokka. You bite the quokka, but do no damage.
The quokka bites you. The goblin barely misses you.
You completely miss the quokka. The quokka closely misses you.
The goblin hits you with a +0 club.
You closely miss the quokka. The quokka barely misses you.
The kobold hits you with a +0 dagger. The goblin hits you but does no damage.
The goblin attacks as you move away! The goblin misses you.
The quokka closely misses you. The kobold hits you with a +0 dagger.
The frilled lizard hisses.
The kobold hits you with a +0 dagger.
You hit the goblin. You burn the goblin.
You kill the goblin!
The quokka bites you.
A worm comes into view.
Things that are here:
a +0 club; a goblin corpse The quokka attacks as you move away!
The quokka barely misses you. The endoplasm misses you.
The quokka barely misses you. The quokka attacks as you move away!
The quokka bites you.
* * * LOW HITPOINT WARNING * * *
The endoplasm attacks as you move away! The endoplasm hits you.
* * * LOW HITPOINT WARNING * * *
The endoplasm attacks as you move away!
The endoplasm hits you but does no damage.
The endoplasm attacks as you move away!
The endoplasm hits you but does no damage.
The quokka attacks as you move away! The quokka bites you.
* * * LOW HITPOINT WARNING * * *
The quokka bites you.
You die...

##....##### ##...#. ####
#.....# ###.#. #...###.....#
#... ##.#.........# ##.#.
#.....#).....# #..##
....###........# ##... ..
#.#....K.# ###### ##.#
#....w.wl#######....#######
......#...Jr@.....<..........
#.##.....#.#######....#.####.
.. #.###...# #....#.####. ..
.... #.#.# #....#.#.... .#.
.#.# #...# #.#......... ..#
.. ..### #.#..###.... #.#
#.#.#...#..# . #.#.#.⌠.#..#
#...#...#~~#


You could see a worm, a dart slug, an endoplasm, a quokka, a kobold and a
frilled lizard.

Vanquished Creatures
  A dart slug (D:1)
  3 ball pythons
  2 bats (D:1)
  2 endoplasms (D:1)
  2 giant cockroaches (D:1)
  4 goblins
  A hobgoblin (D:1)
  7 jackals (D:1)
  6 frilled lizards
  3 kobolds
  4 rats (D:1)
35 creatures vanquished.

Vanquished Creatures (others)
  3 fungi (D:2)
  3 plants (D:2)
6 creatures vanquished.

Grand Total: 41 creatures vanquished

Notes
Turn   | Place    | Note
-------+----------+-------------------------------------------
     0 | D:1      | lessens the Vine Stalker Cinder Acolyte began the quest for
                  | the Orb.
     0 | D:1      | Reached XP level 1. HP: 11/11 MP: 3/3
   157 | D:1      | Reached skill level 3 in Short Blades
   242 | D:1      | Reached XP level 2. HP: 12/16 MP: 1/4
   628 | D:1      | Reached XP level 3. HP: 4/19 MP: 1/5
  1282 | D:2      | Reached skill level 4 in Short Blades
  1306 | D:2      | Found a faded altar of an unknown god.
  1347 | D:2      | Slain by a quokka

Illustrated notes

Levels and vault maps discovered:
D:1:      dpeg_arrival_court, layout_loops_ring, serial_forest,
          infiniplex_forest_straight_4, infiniplex_forest_straight_2,
          infiniplex_forest_clump_diagonal, infiniplex_forest_clump_long,
          infiniplex_forest_straight_1
D:2:      layout_basic, shapermc_ecumenical_altar_mp_urbaneastern,
          nicolae_concentric_dashed_squares_wild, st_stairs_5, fountainhead,
          minmay_fractal_squares_5

Skill      XL: |  1  2  3 |
---------------+----------+-----
Short Blades   | 3 4 |  4.0
Fighting       | |  2.6
Spellcasting   | |  1.1
Fire Magic     | |  3.0

Action                     || total
---------------------------++-------
  Melee: Short sword       ||   171
         Bite              ||    34
         Punch             ||     1
 Armour: Robe              ||    30
  Dodge: Dodged            ||   102

Table legend: (Time is in decaauts)
 A = Elapsed time spent in this place.
 B = Non-inter-level travel time spent in this place.
 C = Inter-level travel time spent in this place.
 D = Time resting spent in this place.
 E = Time spent auto-exploring this place.
 F = Levels seen in this place.
 G = Mean time per level.
                   A        B        C        D        E       F      G
               +--------+--------+--------+--------+--------+-----+--------+
         Total |   1318 |   1299 |     19 |      0 |    973 |   2 |  659.0 |
       Dungeon |   1318 |   1299 |     19 |      0 |    973 |   2 |  659.0 |
               +--------+--------+--------+--------+--------+-----+--------+

Top non-repeatable levels by time:
     D:1: 1123 daAuts
     D:2: 195 daAuts
